| TOP OF THE 1ST |
|
Albuquerque Dukes batting - Pitching for San Antonio Missions : RHP Françisco Chara
|
|
Pitching: RHP Françisco Chara
|
|
|
Batting: LHB Andres Romero
|
0-0: SINGLE (Groundball, 6D, EV 103.1 MPH)
|
|
Batting: RHB Steven Patterson
|
0-0: Foul Ball, location: 2F 0-1: Foul Ball, location: 2F 0-2: Foul Ball, location: 2F 0-2: Strikes out swinging
|
|
Batting: LHB Darren Daulton
|
0-0: Called Strike 0-1: Ball 1-1: Called Strike 1-2: Strikes out swinging
|
|
Batting: LHB Dave Yobs
|
0-0: Foul Ball, location: 2F 0-1: Foul Ball, location: 2F 0-2: Ball 1-2: Foul Ball, location: 2F 1-2: Foul Ball, location: 2F 1-2: Ball 2-2: Fly out, F8 (Flyball, 8LXD, EV 90.0 MPH)
|
| Top of the 1st over - 0 runs, 1 hit, 0 errors, 1 left on base; Albuquerque 0 - San Antonio 0 |
| BOTTOM OF THE 1ST |
|
San Antonio Missions batting - Pitching for Albuquerque Dukes : RHP Peter Chapin
|
|
Pitching: RHP Peter Chapin
|
|
|
Batting: LHB John Elway
|
0-0: Called Strike 0-1: Called Strike 0-2: Ball 1-2: Strikes out swinging
|
|
Batting: RHB Amos Lewis
|
0-0: Foul Ball, location: 2F 0-1: SINGLE (Line Drive, 34D, EV 103.1 MPH)
|
|
Batting: LHB Jerold Johnston
|
0-0: Ball 1-0: Called Strike 1-1: Ball 2-1: Fielders Choice at 2nd, 3-6 (Groundball, 34S, EV 86.3 MPH)
|
|
Batting: RHB Ed Hearn
|
0-0: Ball 1-0: Ball 2-0: Called Strike 2-1: SINGLE (Groundball, 56S, EV 95.0 MPH) Jerold Johnston to second
|
|
Batting: LHB John D Morris
|
0-0: Ball Wild Pitch! Jerold Johnston to third Ed Hearn to second 1-0: Fly out, F9 (Flyball, 89M, EV 87.5 MPH)
|
| Bottom of the 1st over - 0 runs, 2 hits, 0 errors, 2 left on base; Albuquerque 0 - San Antonio 0 |
| TOP OF THE 2ND |
|
Albuquerque Dukes batting - Pitching for San Antonio Missions : RHP Françisco Chara
|
|
Batting: RHB Jeffrey Ronk
|
0-0: Fly out, F4 (Popup, 4, EV 75.0 MPH)
|
|
Batting: LHB Matthew Henderson
|
0-0: Ball 1-0: Swinging Strike 1-1: Swinging Strike 1-2: Foul Ball, location: 2F 1-2: Ball 2-2: Ball 3-2: Foul Ball, location: 2F 3-2: Base on Balls
|
|
Batting: RHB George Foussianes
|
0-0: Swinging Strike 0-1: Called Strike 0-2: Ball Wild Pitch! Matthew Henderson to second 1-2: Ball 2-2: Strikes out swinging
|
|
Batting: RHB Edward Gates
|
0-0: Ground out U3 (Groundball, 3S, EV 70.6 MPH)
|
| Top of the 2nd over - 0 runs, 0 hits, 0 errors, 1 left on base; Albuquerque 0 - San Antonio 0 |
| BOTTOM OF THE 2ND |
|
San Antonio Missions batting - Pitching for Albuquerque Dukes : RHP Peter Chapin
|
|
Batting: RHB Larry Hamilton
|
0-0: Ball 1-0: Fly out, F8 (Line Drive, 8LD, EV 83.8 MPH)
|
|
Batting: RHB Nerio Guerrero
|
0-0: Fly out, F9 (Flyball, 9D, EV 105.0 MPH)
|
|
Batting: RHB Leo Hernandez
|
0-0: Ball 1-0: Ball 2-0: Called Strike 2-1: Fly out, F9 (Flyball, 9D, EV 76.9 MPH)
|
| Bottom of the 2nd over - 0 runs, 0 hits, 0 errors, 0 left on base; Albuquerque 0 - San Antonio 0 |
| TOP OF THE 3RD |
|
Albuquerque Dukes batting - Pitching for San Antonio Missions : RHP Françisco Chara
|
|
Batting: RHB Jim Smith
|
0-0: Ball 1-0: Ground out 6-3 (Groundball, 6M, EV 86.3 MPH)
|
|
Batting: LHB Andres Romero
|
0-0: Swinging Strike 0-1: Ball 1-1: Swinging Strike 1-2: Strikes out swinging
|
|
Batting: RHB Steven Patterson
|
0-0: Ball 1-0: Ground out 6-3 (Groundball, 6, EV 98.8 MPH)
|
| Top of the 3rd over - 0 runs, 0 hits, 0 errors, 0 left on base; Albuquerque 0 - San Antonio 0 |
| BOTTOM OF THE 3RD |
|
San Antonio Missions batting - Pitching for Albuquerque Dukes : RHP Peter Chapin
|
|
Batting: RHB Houston Jimenez
|
0-0: Fly out, F9 (Line Drive, 9D, EV 105.6 MPH)
|
|
Batting: LHB John Elway
|
0-0: Called Strike 0-1: Foul Ball, location: 2F 0-2: Fly out, F7 (Flyball, 7, EV 88.1 MPH)
|
|
Batting: RHB Amos Lewis
|
0-0: Ball 1-0: Ball 2-0: Ball 3-0: Base on Balls
|
|
Batting: LHB Jerold Johnston
|
0-0: Called Strike 0-1: Foul Ball, location: 2F 0-2: Fly out, F7 (Flyball, 78XD, EV 93.1 MPH)
|
| Bottom of the 3rd over - 0 runs, 0 hits, 0 errors, 1 left on base; Albuquerque 0 - San Antonio 0 |
| TOP OF THE 4TH |
|
Albuquerque Dukes batting - Pitching for San Antonio Missions : RHP Françisco Chara
|
|
Batting: LHB Darren Daulton
|
0-0: Called Strike 0-1: Ball 1-1: Called Strike 1-2: Ball 2-2: Strikes out swinging
|
|
Batting: LHB Dave Yobs
|
0-0: Ball 1-0: Ball 2-0: Foul Ball, location: 2F 2-1: SINGLE (Groundball, 56D, EV 108.8 MPH)
|
|
Batting: RHB Jeffrey Ronk
|
0-0: Ball 1-0: Fly out, F9 (Flyball, 9S, EV 83.1 MPH)
|
|
Batting: LHB Matthew Henderson
|
0-0: Ball 1-0: Fly out, F8 (Flyball, 89XD, EV 108.1 MPH)
|
| Top of the 4th over - 0 runs, 1 hit, 0 errors, 1 left on base; Albuquerque 0 - San Antonio 0 |
| BOTTOM OF THE 4TH |
|
San Antonio Missions batting - Pitching for Albuquerque Dukes : RHP Peter Chapin
|
|
Batting: RHB Ed Hearn
|
0-0: Called Strike 0-1: Ball 1-1: Ball 2-1: Swinging Strike 2-2: Fly out, F7 (Line Drive, 7D, EV 90.0 MPH)
|
|
Batting: LHB John D Morris
|
0-0: Swinging Strike 0-1: Swinging Strike 0-2: Ball 1-2: Ground out 4-3 (Groundball, 4, EV 99.4 MPH)
|
|
Batting: RHB Larry Hamilton
|
0-0: Ball 1-0: Ball 2-0: Ball 3-0: Called Strike 3-1: Swinging Strike 3-2: Base on Balls
|
|
Batting: RHB Nerio Guerrero
|
0-0: Called Strike 0-1: Ball 1-1: Ball 2-1: Ball 3-1: Called Strike 3-2: Base on Balls Larry Hamilton to second
|
|
Batting: RHB Leo Hernandez
|
0-0: Ball 1-0: Ground out U3 (Groundball, 3, EV 84.4 MPH)
|
| Bottom of the 4th over - 0 runs, 0 hits, 0 errors, 2 left on base; Albuquerque 0 - San Antonio 0 |
| TOP OF THE 5TH |
|
Albuquerque Dukes batting - Pitching for San Antonio Missions : RHP Françisco Chara
|
|
Batting: RHB George Foussianes
|
0-0: Called Strike 0-1: SINGLE (Groundball, 6MD, EV 108.8 MPH)
|
|
Batting: RHB Edward Gates
|
0-0: Sac Bunt to 13 - play at first, batter OUT! 1-3 George Foussianes to second
|
|
Batting: RHB Jim Smith
|
0-0: Swinging Strike 0-1: Foul Ball, location: 2F 0-2: Ball 1-2: Ball 2-2: Foul Ball, location: 2F 2-2: Foul Ball, location: 2F 2-2: Ball 3-2: Foul Ball, location: 2F 3-2: Strikes out swinging
|
|
Batting: LHB Andres Romero
|
0-0: DOUBLE (Line Drive, 78D, EV 110.0 MPH) George Foussianes scores
|
|
Batting: RHB Steven Patterson
|
0-0: Ball 1-0: Called Strike 1-1: Ball 2-1: Ball 3-1: Base on Balls
|
|
Batting: LHB Darren Daulton
|
0-0: Swinging Strike 0-1: Ground out U3 (Groundball, 13, EV 89.4 MPH)
|
| Top of the 5th over - 1 run, 2 hits, 0 errors, 2 left on base; Albuquerque 1 - San Antonio 0 |
| BOTTOM OF THE 5TH |
|
San Antonio Missions batting - Pitching for Albuquerque Dukes : RHP Peter Chapin
|
|
Batting: RHB Houston Jimenez
|
0-0: Ball 1-0: Foul Ball, location: 2F 1-1: Swinging Strike 1-2: Ball 2-2: Ball 3-2: Fly out, F9 (Flyball, 89D, EV 88.1 MPH)
|
|
Batting: LHB John Elway
|
0-0: Foul Ball, location: 2F 0-1: Called Strike 0-2: Ball 1-2: Foul Ball, location: 2F 1-2: Strikes out swinging
|
|
Batting: RHB Amos Lewis
|
0-0: Foul Ball, location: 2F 0-1: Swinging Strike 0-2: Ball 1-2: Foul Ball, location: 2F 1-2: Ball 2-2: Ground out 1-3 (Groundball, 15S, EV 63.1 MPH)
|
| Bottom of the 5th over - 0 runs, 0 hits, 0 errors, 0 left on base; Albuquerque 1 - San Antonio 0 |
| TOP OF THE 6TH |
|
Albuquerque Dukes batting - Pitching for San Antonio Missions : RHP Françisco Chara
|
|
Batting: LHB Dave Yobs
|
0-0: Ball 1-0: Ground out 4-3 (Groundball, 4D, EV 102.5 MPH)
|
|
Batting: RHB Jeffrey Ronk
|
0-0: Foul Ball, location: 2F 0-1: Foul Ball, location: 2F 0-2: SINGLE (Groundball, 56D, EV 100.0 MPH) (infield hit)
|
|
Batting: LHB Matthew Henderson
|
0-0: Called Strike Jeffrey Ronk is caught stealing 2nd base 2-6 0-1: Foul Ball, location: 2F 0-2: Foul Ball, location: 2F 0-2: Ball 1-2: Foul Ball, location: 2F 1-2: SINGLE (Groundball, 3D, EV 101.3 MPH)
|
|
Batting: RHB George Foussianes
|
0-0: Ball 1-0: Called Strike 1-1: Ball 2-1: Ball 3-1: SINGLE (Line Drive, 89S, EV 91.9 MPH) Matthew Henderson to second Runner from 2nd tries for 3rd, SAFE, no throw by CF
|
|
Batting: RHB Edward Gates
|
0-0: Foul Ball, location: 2F 0-1: SINGLE (Groundball, 6MD, EV 100.0 MPH) Matthew Henderson scores George Foussianes to second Runner from 2nd tries for 3rd, SAFE, no throw by CF
|
|
Batting: RHB Jim Smith
|
0-0: Ball 1-0: SINGLE (Groundball, 56D, EV 94.4 MPH) George Foussianes scores Edward Gates to second
|
|
Batting: LHB Andres Romero
|
0-0: Ball 1-0: Called Strike 1-1: Foul Ball, location: 2F 1-2: Ball 2-2: SINGLE (Groundball, 56D, EV 110.0 MPH) Edward Gates to third Jim Smith to second Runner from 3rd tries for Home, SAFE, throw by LF to home
|
|
Batting: RHB Steven Patterson
|
0-0: Ball 1-0: Ball 2-0: Called Strike 2-1: Fly out, F2 (Popup, 2RF, EV 92.5 MPH)
|
| Top of the 6th over - 3 runs, 6 hits, 0 errors, 2 left on base; Albuquerque 4 - San Antonio 0 |
| BOTTOM OF THE 6TH |
|
San Antonio Missions batting - Pitching for Albuquerque Dukes : RHP Peter Chapin
|
|
Batting: LHB Jerold Johnston
|
0-0: Ball 1-0: Ball 2-0: Ball 3-0: Base on Balls
|
|
Batting: RHB Ed Hearn
|
0-0: Ball 1-0: Fly out, F9 (Line Drive, 9, EV 108.8 MPH)
|
|
Batting: LHB John D Morris
|
0-0: Foul Ball, location: 2F 0-1: DOUBLE (Line Drive, 8RXD, EV 110.0 MPH) Jerold Johnston to third
|
|
Batting: RHB Larry Hamilton
|
0-0: Foul Ball, location: 2F 0-1: Ball 1-1: Foul Ball, location: 2F 1-2: Strikes out swinging
|
|
Batting: RHB Nerio Guerrero
|
0-0: Ball 1-0: Ball 2-0: Foul Ball, location: 2F 2-1: Ball 3-1: Called Strike 3-2: Base on Balls
|
|
Batting: RHB Leo Hernandez
|
0-0: Ball 1-0: Ground out 1-3 (Groundball, 34S, EV 68.1 MPH)
|
| Bottom of the 6th over - 0 runs, 1 hit, 0 errors, 3 left on base; Albuquerque 4 - San Antonio 0 |
| TOP OF THE 7TH |
|
Albuquerque Dukes batting - Pitching for San Antonio Missions : RHP Françisco Chara
|
|
Batting: LHB Darren Daulton
|
0-0: Ball 1-0: Ball 2-0: Fly out, F6 (Popup, P, EV 63.1 MPH)
|
|
Batting: LHB Dave Yobs
|
0-0: Ball 1-0: Swinging Strike 1-1: Ball 2-1: SINGLE (Line Drive, 9S, EV 90.0 MPH)
|
|
Batting: RHB Jeffrey Ronk
|
0-0: Ball 1-0: Ball 2-0: Ball 3-0: Called Strike 3-1: Called Strike 3-2: Strikes out swinging Dave Yobs steals 2nd base Batter strikes out.
|
|
Batting: LHB Matthew Henderson
|
0-0: Called Strike 0-1: Ball 1-1: Foul Ball, location: 2F 1-2: Ball 2-2: Ground out 4-3 (Groundball, 4, EV 105.0 MPH)
|
| Top of the 7th over - 0 runs, 1 hit, 0 errors, 1 left on base; Albuquerque 4 - San Antonio 0 |
| BOTTOM OF THE 7TH |
|
San Antonio Missions batting - Pitching for Albuquerque Dukes : RHP Peter Chapin
|
|
Batting: RHB Houston Jimenez
|
0-0: Ball 1-0: Ground out 3-1 (Groundball, 34, EV 96.3 MPH)
|
|
Batting: LHB John Elway
|
0-0: Called Strike 0-1: Ball 1-1: Swinging Strike 1-2: Fly out, F8 (Flyball, 89S, EV 79.4 MPH)
|
|
Batting: RHB Amos Lewis
|
0-0: Ball 1-0: Ball 2-0: Foul Ball, location: 2F 2-1: Swinging Strike 2-2: Foul Ball, location: 2F 2-2: Ball 3-2: Foul Ball, location: 2F 3-2: Base on Balls
|
|
Batting: LHB Jerold Johnston
|
0-0: Swinging Strike 0-1: Ball 1-1: Foul Ball, location: 2F 1-2: Ball 2-2: Ball Amos Lewis steals 2nd base 3-2: Foul Ball, location: 2F 3-2: Fly out, F9 (Flyball, 9D, EV 80.6 MPH)
|
| Bottom of the 7th over - 0 runs, 0 hits, 0 errors, 1 left on base; Albuquerque 4 - San Antonio 0 |
| TOP OF THE 8TH |
|
Albuquerque Dukes batting - Pitching for San Antonio Missions : RHP Françisco Chara
|
|
Batting: RHB George Foussianes
|
0-0: Fly out, F7 (Flyball, 78S, EV 94.4 MPH)
|
|
Batting: RHB Edward Gates
|
0-0: Ball 1-0: Foul Ball, location: 2F 1-1: Foul Ball, location: 2F 1-2: Foul Ball, location: 2F 1-2: Strikes out swinging
|
|
Batting: RHB Jim Smith
|
0-0: Ground out 6-3 (Groundball, 6M, EV 90.0 MPH)
|
| Top of the 8th over - 0 runs, 0 hits, 0 errors, 0 left on base; Albuquerque 4 - San Antonio 0 |
| BOTTOM OF THE 8TH |
|
San Antonio Missions batting - Pitching for Albuquerque Dukes : RHP Peter Chapin
|
|
Batting: RHB Ed Hearn
|
0-0: SINGLE (Line Drive, 8LM, EV 103.1 MPH)
|
|
Batting: LHB John D Morris
|
0-0: Called Strike 0-1: Fly out, F9 (Flyball, 89D, EV 96.9 MPH)
|
|
Batting: RHB Larry Hamilton
|
0-0: Swinging Strike 0-1: Foul Ball, location: 2F 0-2: Foul Ball, location: 2F 0-2: Ball 1-2: Ball 2-2: 2-RUN HOME RUN (Flyball, 7LD, EV 110.6 MPH), Distance : 340 ft
|
|
Batting: RHB Nerio Guerrero
|
0-0: Fly out, F8 (Line Drive, 8RM, EV 93.8 MPH)
|
|
Batting: RHB Leo Hernandez
|
0-0: Called Strike 0-1: Ball 1-1: Called Strike 1-2: Foul Ball, location: 2F 1-2: Foul Ball, location: 2F 1-2: Ball 2-2: Strikes out swinging
|
| Bottom of the 8th over - 2 runs, 2 hits, 0 errors, 0 left on base; Albuquerque 4 - San Antonio 2 |
| TOP OF THE 9TH |
|
Albuquerque Dukes batting - Pitching for San Antonio Missions : RHP Françisco Chara
|
|
Pitching: RHP Edward Arkema
|
|
|
Batting: LHB Andres Romero
|
0-0: Ball 1-0: Fly out, F8 (Flyball, 89D, EV 93.1 MPH)
|
|
Batting: RHB Steven Patterson
|
0-0: Ball 1-0: Called Strike 1-1: Ball 2-1: Swinging Strike 2-2: Strikes out swinging
|
|
Batting: LHB Darren Daulton
|
0-0: Called Strike 0-1: Ball 1-1: Foul Ball, location: 2F 1-2: Ball 2-2: Ball 3-2: Fly out, F8 (Flyball, 78D, EV 97.5 MPH)
|
| Top of the 9th over - 0 runs, 0 hits, 0 errors, 0 left on base; Albuquerque 4 - San Antonio 2 |
| BOTTOM OF THE 9TH |
|
San Antonio Missions batting - Pitching for Albuquerque Dukes : RHP Peter Chapin
|
|
Pitching: RHP James Quinn
|
|
|
Batting: RHB Houston Jimenez
|
0-0: Foul Ball, location: 2F 0-1: Ball 1-1: Ground out 5-3 (Groundball, 56, EV 84.4 MPH)
|
|
Batting: LHB John Elway
|
0-0: Ball 1-0: Ball 2-0: Ball 3-0: Called Strike 3-1: Called Strike 3-2: Fly out, F8 (Flyball, 78M, EV 90.6 MPH)
|
|
Batting: RHB Amos Lewis
|
0-0: Called Strike 0-1: Ground out 1-3 (Groundball, 15S, EV 66.9 MPH)
|
| Bottom of the 9th over - 0 runs, 0 hits, 0 errors, 0 left on base; Albuquerque 4 - San Antonio 2 |
|